 Dungeon Crawl Stone Soup version 0.27.0-1-g7a089689b8 (webtiles) character file.

Game seed: 7477547268289117717

269 Lordstoney the Chopper (level 6, -1/82 HPs)
             Began as a Hill Orc Berserker on Aug 17, 2021.
             Was a Priest of Trog.
             Slain by dragonscale333's ghost (9 damage)
             ... on level 3 of the Dungeon.
             The game lasted 00:31:54 (2828 turns).

Lordstoney the Chopper (Hill Orc Berserker)         Turns: 2828, Time: 00:31:55

Health: -1/82      AC:  6    Str: 21    XL:     6   Next: 22%
Magic:  6/6        EV: 11    Int:  7    God:    Trog [***...]
Gold:   161        SH:  0    Dex: 11    Spells: 5/5 levels left

rFire    . . .     SeeInvis .   a - +2 hand axe
rCold    . . .     Faith    .   (no shield)
rNeg     . . .     Spirit   .   g - +0 ring mail
rPois    .         Reflect  .   (no helmet)
rElec    .         Harm     .   (no cloak)
rCorr    .         Rampage  .   (no gloves)
Will     .....                  f - +0 pair of boots
Stlth    ..........             (no amulet)
HPRegen  0.23/turn              (no ring)
MPRegen  0.10/turn              (no ring)

@: berserking (expiring), lethally poisoned (-1 -> -2), very quick
A: no striking features
a: Renounce Religion, Berserk, Trog's Hand


You were on level 3 of the Dungeon.
You worshipped Trog.
Trog was most pleased with you.
You visited 1 branch of the dungeon, and saw 3 of its levels.

You collected 161 gold pieces.

Inventory:

Hand Weapons
 a - a +2 hand axe (weapon)
Missiles
 j - 2 throwing nets (quivered)
Armour
 b - a +0 animal skin
 f - a +0 pair of boots (worn)
 g - a +0 ring mail (worn)
Wands
 d - a wand of mindburst (12)
Scrolls
 e - a scroll of teleportation
 h - a scroll of identify
Potions
 c - a potion of heal wounds
Miscellaneous
 i - a piece from Xom's chessboard (15/15)


   Skills:
 + Level 4.9 Fighting
 * Level 6.4 Axes
 + Level 3.6 Armour
 + Level 2.6 Dodging


You had 5 spell levels left.
You didn't know any spells.
Your spell library was empty.

Dungeon Overview and Level Annotations

Branches:
Dungeon (3/15)

Altars:

Annotations:
D:3 dragonscale333's ghost, amateur MfGl


Message History

Your experience leads to an increase in your attributes!
Increase (S)trength, (I)ntelligence, or (D)exterity?
You feel agile.
You are too injured to fight recklessly!
You are too injured to fight recklessly!
You barely miss the kobold. You slash the kobold!
You kill the kobold!
Trog accepts your kill.
You feel sick. The kobold hits you but does no damage.
You closely miss dragonscale333's ghost.
You slash the kobold!
You kill the kobold!
Trog accepts your kill.
You feel sick.
You closely miss dragonscale333's ghost.
You feel sick. Dragonscale333's ghost hits you.
You barely miss dragonscale333's ghost. Dragonscale333's ghost misses you.
You hit dragonscale333's ghost.
Dragonscale333's ghost is lightly damaged.
You feel sick. Dragonscale333's ghost hits you!
* * * LOW HITPOINT WARNING * * *
Okay, then.
You barely miss dragonscale333's ghost.
Dragonscale333's ghost is lightly damaged.
You feel sick.
You slash dragonscale333's ghost!
Dragonscale333's ghost is moderately damaged.
Dragonscale333's ghost hits you!
* * * LOW HITPOINT WARNING * * *
You slash dragonscale333's ghost!
Dragonscale333's ghost is moderately damaged.
You feel sick. Dragonscale333's ghost hits you.
* * * LOW HITPOINT WARNING * * *
You miss dragonscale333's ghost.
Dragonscale333's ghost is moderately damaged.
You feel sick.
You hit dragonscale333's ghost.
Dragonscale333's ghost is heavily damaged.
Dragonscale333's ghost hits you!
You die...

##### #...#
#.#.##
#.#..#
##.##.##
#..##..#####
#....)@)...#
#..##)W)##.#
#.##.....###
#.#≈.#.#.≈#
#.#⌠.#.#.⌠#
#.#≈.#.#.≈#
#.##.....##
#.###...####
######
#...#####..#
#.....


You could see dragonscale333's ghost.

Vanquished Creatures
  A kobold brigand (D:3)
  A bullfrog (D:3)
  A water moccasin skeleton (D:3)
  An adder (D:2)
  A worm (D:3)
  2 dart slugs (D:2)
  An orc (D:3)
  5 ball pythons
  5 bats
  7 endoplasms
  A giant cockroach (D:2)
  9 goblins
  6 hobgoblins
  2 jackals (D:2)
  16 kobolds
  3 quokkas
  2 frilled lizards
  6 rats
70 creatures vanquished.

Vanquished Creatures (others)
  2 fungi (D:3)
  5 plants
7 creatures vanquished.

Grand Total: 77 creatures vanquished

Notes
Turn   | Place    | Note
-------+----------+-------------------------------------------
     0 | D:1      | Lordstoney the Hill Orc Berserker began the quest for the
                  | Orb.
     0 | D:1      | Reached XP level 1. HP: 19/19 MP: 1/1
    67 | D:1      | Reached XP level 2. HP: 19/27 MP: 2/2
   678 | D:2      | Reached XP level 3. HP: 33/33 MP: 3/3
   836 | D:2      | Reached ** piety under Trog
  1065 | D:2      | Reached skill level 5 in Axes
  1221 | D:2      | Reached XP level 4. HP: 38/40 MP: 4/4
  1617 | D:3      | Noticed a bullfrog
  1631 | D:3      | Killed a bullfrog
  1632 | D:3      | Reached XP level 5. HP: 8/47 MP: 5/5
  1914 | D:3      | Found a runed translucent gate.
  1914 | D:3      | Found a runed translucent gate.
  1914 | D:3      | Found a runed translucent gate.
  1915 | D:3      | Noticed dragonscale333's ghost (amateur MfGl)
  1920 | D:3      | Noticed a kobold brigand
  2020 | D:3      | Reached skill level 6 in Axes
  2410 | D:3      | Found a faded altar of an unknown god.
  2818 | D:3      | Killed a kobold brigand
  2819 | D:3      | Reached XP level 6. HP: 40/55 MP: 6/6
  2819 | D:3      | Reached *** piety under Trog
  2828 | D:3      | Slain by dragonscale333's ghost

Illustrated notes

Levels and vault maps discovered:
D:1:      eino_arrival_water_cross, layout_rooms, serial_bayou_pond_a,
          amcnicky_mini_pool_small
D:2:      layout_basic
D:3:      layout_basic, hellmonk_ecumenical_altar_lost_god,
          gammafunk_ghost_nasty_kobolds, minmay_three_crescents

Skill      XL: |  1  2  3  4  5 |
---------------+----------------+-----
Fighting       | 4 |  4.9
Axes           | 5 6 |  6.4
Dodging        | 2 |  2.6
Armour         | 3 |  3.6

Action                   |  1- 3 |  4- 6 || total
-------------------------+-------+-------++-------
Melee: Hand axe          |   111 |    84 ||   195
Invok: Berserk           |     1 |     1 ||     2
       Trog's Hand       |       |     1 ||     1
  Use: Potion            |     1 |       ||     1
       Scroll            |     7 |       ||     7
 Stab: Sleeping          |     1 |       ||     1
Armor: Animal skin       |     9 |       ||     9
       Ring mail         |    12 |    25 ||    37
Dodge: Dodged            |    49 |    40 ||    89
